 Dungeon Crawl Stone Soup version 0.30.1-11-g7821555f0a (webtiles) character file.

Game seed: 2510987403478731268

886 Martska the Trooper (level 7, -15/57 HPs)
             Began as a Demonspawn Fighter on Dec 13, 2023.
             Demolished by an ogre
             ... wielding a +0 giant club
              (18 damage)
             ... on level 5 of the Dungeon.
             The game lasted 00:04:29 (3281 turns).

Martska the Trooper (Demonspawn Fighter)            Turns: 3281, Time: 00:04:30

Health: -15/57     AC:  8    Str: 19    XL:     7   Next: 77%
Magic:  7/7        EV: 11    Int: 13    God:
Gold:   184        SH:  0    Dex: 12    Spells: 6/6 levels left

rFire   . . .        j - +6 short sword "Beraihai" {flame, Int+4}
rCold   . . .        c - +0 buckler
rNeg    . . .        b - +0 scale mail
rPois   .            (helmet restricted)
rElec   .            (no cloak)
rCorr   .            t - +0 pair of gloves
SInv    .            (no boots)
Will    .....        s - amulet of the acrobat Stlth
                     (no ring)
HPRegen 0.29/turn    (no ring)
MPRegen 0.10/turn

%: acrobat
@: confused
A: claws 1, hooves 1, horns 1, foul stench 1, powered by pain 1
a: no special abilities


You were on level 5 of the Dungeon.
You visited 1 branch of the dungeon, and saw 6 of its levels.

You collected 184 gold pieces.

Inventory:

Hand Weapons
 a - a +0 war axe
 j - the +6 short sword "Beraihai" (weapon) {flame, Int+4}
   (You found it on level 2 of the Dungeon)

   Int:       It affects your intelligence (+4).
 u - a +1 whip of venom
 w - a +1 falchion of protection
Armour
 b - a +0 scale mail (worn)
 c - a +0 buckler (worn)
 t - a +0 pair of gloves (worn)
 v - the +1 ring mail of Suurekk {Str-5 Int+4 Dex+2}
   (You found it on level 6 of the Dungeon)

   Str:       It affects your strength (-5).
   Int:       It affects your intelligence (+4).
   Dex:       It affects your dexterity (+2).
Jewellery
 m - an amulet of faith
 n - a ring of ice
 s - an amulet of the acrobat (around neck)
Scrolls
 e - a scroll of blinking {unknown}
 i - 2 scrolls of vulnerability {unknown}
 l - 3 scrolls of identify {unknown}
 p - a scroll of butterflies {unknown}
 r - 2 scrolls of teleportation {unknown}
Potions
 d - a potion of might
 f - 2 potions of flight
 g - a potion of attraction {unknown}
 h - 3 potions of heal wounds {unknown}
 o - a potion of resistance {unknown}
 q - a potion of brilliance {unknown}


   Skills:
 * Level 5.7 Fighting
 - Level 1.7 Axes
 + Level 4.1 Armour
 * Level 4.3 Dodging
 - Level 3.9 Shields
 * Level 1.8 Unarmed Combat


You had 6 spell levels left.
You didn't know any spells.
Your spell library contained the following spells:

 Spells                   Type           Power      Damage    Failure   Level
 Ignite Poison            Fire/Tmut/Pois 0%         N/A       98%         3
 Sticky Flame             Conj/Fire      0%         2d3       100%        4
 Ignition                 Fire           0%         3d3       100%        8


Dungeon Overview and Level Annotations

Branches:
Dungeon (6/15)             Temple (0/1) D:5

Altars:


Innate Abilities, Weirdness & Mutations

You have sharp fingernails.
You have large cloven feet.
You have a pair of small horns on your head.
You may rarely emit foul miasma when damaged in melee.
You sometimes gain a little power by taking damage.


Message History

* * * LOW HITPOINT WARNING * * *
The black bear bites you but does no damage.
The black bear claws you but does no damage. x2
You feel better. The black bear bites you!
* * * LOW HITPOINT WARNING * * *
The black bear claws you but does no damage.
The black bear barely misses you.
You feel better. The black bear bites you.
You block the black bear's attack. x2
The orc priest miscasts a cantrip.
The black bear closely misses you. The black bear claws you.
* * * LOW HITPOINT WARNING * * *
The black bear completely misses you.
You barely miss the black bear.
The black bear is severely wounded.
The black bear barely misses you. The black bear claws you.
* * * LOW HITPOINT WARNING * * *
You emit a cloud of foul miasma!
The black bear claws you.
* * * LOW HITPOINT WARNING * * *
You hit the black bear. You burn the black bear.
Your headbutt misses the black bear.
The black bear is almost dead.
The black bear is engulfed in dark miasma.
The black bear is poisoned.
You kill the black bear!
The orc priest hits you but does no damage.
The ogre barely misses you.
Items here: )) [ †.
You hit the orc priest. You burn the orc priest.
You kill the orc priest!
The orc wizard casts a spell at you. The magic dart hits you.
* * * LOW HITPOINT WARNING * * *
The ogre barely misses you. The orc wizard completely misses you.
You see here a +0 dagger.
You barely miss the ogre. Your kick misses the ogre. You headbutt the ogre.
The ogre is lightly wounded.
The orc wizard gestures at you while chanting.
You are confused.
The ogre hits you with a +0 giant club!!
You die...

#+#.#.. .......
..8.8.8 ..⌠.⌠.⌠
#.# ....... #.#
....>.# #.#
.#######s.....#
#.# ......O@o..#
#.# .######°#'##
#.# #.# #
###.##########.#
#..............#
###.##############
#...# #.### #.#


You could see an ogre, a scorpion and an orc wizard (reflecting).

Vanquished Creatures
  An ice beast (D:6)
  2 black bears
  An ogre (D:6)
  A scorpion (D:4)
  A howler monkey (D:5)
  3 orc priests
  A hound (D:4)
  3 iguanas (D:4)
  A sleepcap (D:4)
  3 orc wizards
  4 adders
  A white imp (D:6)
  A worm (D:2)
  2 dart slugs
  10 orcs
  6 ball pythons
  6 endoplasms
  3 giant cockroaches
  6 goblins
  10 hobgoblins
  4 jackals (D:1)
  4 quokkas
  2 bats
  4 frilled lizards
  5 kobolds
  10 rats
95 creatures vanquished.

Notes
Turn   | Place    | Note
-------+----------+-------------------------------------------
     0 | D:1      | Martska the Demonspawn Fighter began the quest for the Orb.
     0 | D:1      | Reached XP level 1. HP: 18/18 MP: 1/1
    95 | D:1      | Discovered your monstrous ancestry.
    95 | D:1      | Gained mutation: You have a pair of small horns on your
                  | head. [demonic ancestry]
    95 | D:1      | Reached XP level 2. HP: 16/24 MP: 2/2
   236 | D:1      | Reached skill level 1 in Dodging
   383 | D:1      | Gained mutation: You sometimes gain a little power by
                  | taking damage. [demonic ancestry]
   383 | D:1      | Reached XP level 3. HP: 27/29 MP: 3/3
   700 | D:2      | Identified the +6 short sword "Beraihai" {flame, Int+4}
   839 | D:2      | Gained mutation: You have large cloven feet. [demonic
                  | ancestry]
   839 | D:2      | Reached XP level 4. HP: 16/37 MP: 4/4
  1707 | D:3      | Reached skill level 4 in Fighting
  2061 | D:4      | Noticed a scorpion
  2069 | D:4      | Killed a scorpion
  2070 | D:4      | Gained mutation: You may rarely emit foul miasma when
                  | damaged in melee. [demonic ancestry]
  2070 | D:4      | Reached XP level 5. HP: 36/42 MP: 5/5
  2318 | D:4      | Reached XP level 6. HP: 46/49 MP: 6/6
  2791 | D:5      | Entered Level 5 of the Dungeon
  2813 | D:5      | You fall into a shaft and drop 1 floor!
  2819 | D:6      | Identified the +1 ring mail of Suurekk {Str-5 Int+4 Dex+2}
  2910 | D:6      | Noticed an ice beast
  2922 | D:6      | Killed an ice beast
  2923 | D:6      | Reached skill level 5 in Fighting
  2923 | D:6      | Gained mutation: You have sharp fingernails. [demonic
                  | ancestry]
  2923 | D:6      | Reached XP level 7. HP: 36/56 MP: 7/7
  3065 | D:6      | HP: 2/56 [black bear (6)]
  3246 | D:5      | Reached skill level 1 in Unarmed Combat
  3261 | D:5      | Found a staircase to the Ecumenical Temple.
  3281 | D:5      | Demolished by an ogre

Illustrated notes

Levels and vault maps discovered:
D:1:      lemuel_arrival_hallway, layout_rooms, minmay_misc_feat_pillars,
          minivault_4, hangedman_abyss_or_decor_lesser_grid
D:2:      layout_loops_corners, mrwooster_statue_mirror
D:3:      layout_rooms
D:4:      layout_basic
D:5:      layout_basic, gammafunk_temple_overflow_forgotten,
          minmay_temple_entry_drinking_statues, serial_curves, eino_curves_03,
          eino_curves_03, serial_shops, shop_statue, dreamdust_gnoll_farm
D:6:      layout_basic, biasface_ghost_orc_armoury

Skill      XL: |  1  2  3  4  5  6  7 |
---------------+----------------------+-----
Dodging        | 1 2 3 4 |  4.3
Armour         | 3 4 |  4.1
Shields        | 3 |  3.9
Fighting       | 4 5 |  5.7
Unarmed Combat | 1 |  1.8
Axes           | |  1.7

Action                     |  1- 3 |  4- 6 |  7- 9 || total
---------------------------+-------+-------+-------++-------
  Melee: War axe           |    62 |       |       ||    62
         Headbutt          |     7 |    10 |    10 ||    27
         Short sword       |    12 |    98 |    49 ||   159
         Kick              |       |    23 |    14 ||    37
    Use: Potion            |       |       |     6 ||     6
 Armour: Scale mail        |    30 |    27 |    41 ||    98
  Dodge: Dodged            |    43 |    42 |    47 ||   132
  Block: Buckler           |    11 |    14 |    17 ||    42
